 Dungeon Crawl Stone Soup version 0.31-a0-750-gfe7b580527 (webtiles) character file.

Game seed: 7677764405010001410

76 Newt the Trooper (level 4, -2/38 HPs)
             Began as a Demonspawn Gladiator on Sept 14, 2023.
             Slain by a cerulean imp
             ... wielding a +2 spear
             ... summoned by Natasha
              (3 damage)
             ... on level 2 of the Dungeon.
             The game lasted 00:01:21 (1561 turns).

Newt the Trooper (Demonspawn Gladiator)             Turns: 1561, Time: 00:01:21

Health: -2/38      AC:  5    Str: 16    XL:     4   Next: 12%
Magic:  4/4        EV: 12    Int: 10    God:
Gold:   64         SH:  0    Dex: 14    Spells: 3/3 levels left

rFire   . . .        a - +1 rapier (chaos)
rCold   . . .        (no shield)
rNeg    . . .        b - +0 leather armour
rPois   +            c - +1 helmet
rElec   .            (no cloak)
rCorr   .            (no gloves)
SInv    .            (no boots)
Will    .....        f - amulet of regeneration
Stlth   +            m - ring of poison resistance
HPRegen 1.06/turn    (no ring)
MPRegen 0.09/turn

%: no passive effects
@: slowed, very slow
A: claws 2
a: no special abilities


You were on level 2 of the Dungeon.
You visited 1 branch of the dungeon, and saw 2 of its levels.

You collected 64 gold pieces.

Inventory:

Hand Weapons
 a - a +1 rapier of chaos (weapon)
Missiles
 d - 3 throwing nets (quivered)
 e - a javelin
Armour
 b - a +0 leather armour (worn)
 c - a +1 helmet (worn)
Jewellery
 f - an amulet of regeneration (around neck)
 m - a ring of poison resistance (left claw)
 o - an amulet of magic regeneration
Scrolls
 n - a scroll of enchant weapon
Potions
 i - a potion of mutation
 j - a potion of invisibility
 k - a potion of enlightenment {unknown}
 p - a potion of brilliance {unknown}


   Skills:
 + Level 4.4 Fighting
 - Level 2.6 Short Blades
 - Level 1.7 Throwing
 - Level 2.6 Dodging


You had 3 spell levels left.
You didn't know any spells.
Your spell library contained the following spells:

 Spells                   Type           Power      Damage    Failure   Level
 Lesser Beckoning         Tloc           0%         N/A       56%         2
 Gell's Gravitas          Tloc           0%         N/A       80%         3
 Teleport Other           Tloc           0%         N/A       80%         3


Dungeon Overview and Level Annotations

Branches:
Dungeon (2/15)

Altars:

Shops:
D:2 *

Annotations:
D:2 Natasha


Innate Abilities, Weirdness & Mutations

You have very sharp fingernails.


Message History

No target in view!
No target in view!
Natasha, Servant of Life and Death comes into view.
Natasha is nearby!
Natasha mumbles some strange words.
Natasha casts a spell at you.
You feel yourself slow down.
The cerulean imp hits you from afar with a +2 spear.
The cerulean imp hits you with a +2 spear.
Natasha barely misses you.
You hit Natasha.
Natasha is moderately wounded.
The cerulean imp hits you with a +2 spear.
Natasha closely misses you.
The cerulean imp hits you with a +2 spear.
You barely miss Natasha.
Natasha is moderately wounded.
Natasha closely misses you. The cerulean imp misses you.
Natasha completely misses you.
You closely miss Natasha.
Natasha is moderately wounded.
The cerulean imp hits you with a +2 spear.
Natasha stares at you and mumbles some strange words.
The magic dart hits you!
The cerulean imp hits you with a +2 spear.
* * * LOW HITPOINT WARNING * * *
Natasha closely misses you.
You completely miss Natasha.
Natasha is moderately wounded.
The cerulean imp hits you with a +2 spear.
* * * LOW HITPOINT WARNING * * *
Natasha claws you.
* * * LOW HITPOINT WARNING * * *
Unknown command.
You hit Natasha.
Natasha seems to grow stronger.
Natasha is heavily wounded.
The cerulean imp closely misses you. Natasha claws you.
* * * LOW HITPOINT WARNING * * *
The cerulean imp hits you with a +2 spear.
You die...

######...)..# #...# #.# #
....####....#### #.#.#####.######
###...##.#.....# #.# ............
###.....##.##.###.###.........##
##...#..###.##.##..#....######...
#..####.###.##.........##########
..................##..#......(..#
#.######..#......................
#.# ##.......@5...##.........#
#.### ###......h....##.........#
....####.............##.........#
.........##..........##.........#
...(.................############
....#####....................####
....#####.######.#.......###.....
....##..).(# #.#######..######.
######..†..# .. ##.....##.


You could see Natasha (strong) and a cerulean imp (summoned).

Vanquished Creatures
  Natasha (D:2)
  An adder (D:2)
  2 dart slugs
  5 ball pythons
  3 bats
  2 endoplasms (D:1)
  3 giant cockroaches (D:2)
  3 goblins
  4 hobgoblins
  4 jackals (D:1)
  A frilled lizard (D:1)
  2 kobolds
  4 rats (D:1)
35 creatures vanquished.

Notes
Turn   | Place    | Note
-------+----------+-------------------------------------------
     0 | D:1      | Newt the Demonspawn Gladiator began the quest for the Orb.
     0 | D:1      | Reached XP level 1. HP: 16/16 MP: 1/1
   104 | D:1      | You fall into a shaft and drop 1 floor!
   238 | D:2      | Found Efaxzed's General Store.
   303 | D:1      | Gained mutation: You have sharp fingernails. [demonic
                  | ancestry]
   303 | D:1      | Reached XP level 2. HP: 23/23 MP: 2/2
   441 | D:1      | Reached skill level 3 in Fighting
   768 | D:1      | Gained mutation: You have very sharp fingernails. [demonic
                  | ancestry]
   768 | D:1      | Reached XP level 3. HP: 20/29 MP: 3/3
  1145 | D:2      | Noticed Natasha
  1152 | D:2      | Killed Natasha
  1153 | D:2      | Reached skill level 4 in Fighting
  1153 | D:2      | Reached XP level 4. HP: 8/38 MP: 4/4
  1552 | D:2      | Noticed Natasha
  1561 | D:2      | HP: 1/38 [Natasha (5)]
  1561 | D:2      | Slain by a cerulean imp

Illustrated notes

Levels and vault maps discovered:
D:1:      zaba_arrival_water, layout_basic, serial_park_tiny_1
D:2:      layout_rooms, serial_shops, shop, kennysheep_generic_room_9,
          uniq_natasha

Skill      XL: |  1  2  3 |
---------------+----------+-----
Fighting       | 3 4 |  4.4
Short Blades   | |  2.6
Throwing       | |  1.7
Dodging        | |  2.6

Action                     |  1- 3 |  4- 6 || total
---------------------------+-------+-------++-------
  Melee: Rapier            |   109 |    12 ||   121
         Punch             |     3 |       ||     3
    Use: Scroll            |     6 |       ||     6
   Stab: Sleeping          |     1 |       ||     1
 Armour: Leather armour    |    57 |    16 ||    73
  Dodge: Dodged            |    82 |     9 ||    91

Table legend: (Time is in decaauts)
 A = Elapsed time spent in this place.
 B = Non-inter-level travel time spent in this place.
 C = Inter-level travel time spent in this place.
 D = Time resting spent in this place.
 E = Time spent auto-exploring this place.
 F = Levels seen in this place.
 G = Mean time per level.
                   A        B        C        D        E       F      G
               +--------+--------+--------+--------+--------+-----+--------+
         Total |   1577 |   1538 |     39 |    315 |    947 |   2 |  788.5 |
       Dungeon |   1577 |   1538 |     39 |    315 |    947 |   2 |  788.5 |
               +--------+--------+--------+--------+--------+-----+--------+

Top non-repeatable levels by time:
     D:1: 892 daAuts
     D:2: 685 daAuts
